 Dungeon Crawl Stone Soup version 0.20-a0-351-gc9b4002 (webtiles) character file.

1110 4thArraOfDagon the Chopper (level 8, 0/42 HPs)
             Began as a Vine Stalker Wanderer on Dec 25, 2016.
             Was a Follower of Qazlal.
             Slain by a gnoll sergeant
             ... wielding a +0 trident
              (6 damage)
             ... on level 6 of the Dungeon.
             The game lasted 00:08:05 (1691 turns).

4thArraOfDagon the Chopper (Vine Stalker Wanderer)  Turns: 1691, Time: 00:08:06

Health: 0/42       AC:  8    Str: 13    XL:     8   Next: 33%
Magic:  0/12       EV:  8    Int: 13    God:    Qazlal [*.....]
Gold:   270        SH:  1    Dex: 17    Spells: 11/11 levels left

rFire  . . .     SeeInvis .     a - +2 hand axe (freeze)
rCold  . . .     Gourm    .     f - +0 scale mail
rNeg   . . .     Faith    .     (no shield)
rPois  .         Spirit   +     (no helmet)
rElec  .         Reflect  .     (no cloak)
rCorr  .         Harm     .     r - +0 pair of gloves
MR     +....                    (no boots)
Stlth  ++........               (no amulet)
                                (no ring)
                                m - ring of stealth

@: no status effects
A: fangs 3, regeneration 1, magic shield, antimagic bite, no device heal 3, rot
immunity
a: Renounce Religion


You were on level 6 of the Dungeon.
You worshipped Qazlal.
Qazlal was aware of your devotion.
You were not hungry.

You visited 1 branch of the dungeon, and saw 8 of its levels.

You collected 270 gold pieces.

Inventory:

Hand Weapons
 a - a +2 hand axe of freezing (weapon)
 i - a +0 hand axe of freezing
Armour
 f - a +0 scale mail (worn)
 r - a +0 pair of gloves (worn)
Jewellery
 m - a ring of stealth (left hand)
Wands
 h - a wand of acid (0/15)
Scrolls
 e - a scroll of amnesia {unknown}
 k - a scroll of remove curse
 l - 3 scrolls of identify
 o - 2 scrolls of blinking {unknown}
 p - a scroll of magic mapping {unknown}
Potions
 c - 3 potions of brilliance {unknown}
 g - a potion of mutation {unknown}
 j - 2 potions of curing
 n - a potion of degeneration {unknown}
Comestibles
 b - 3 meat rations
 d - 3 bread rations
 q - a beef jerky


   Skills:
 + Level 4.9 Fighting
 * Level 5.8 Axes
 - Level 1.0 Throwing
 + Level 3.3 Armour
 - Level 1.2 Stealth
 - Level 2.1 Spellcasting
   Level 1.0 Summonings
 + Level 3.5 Invocations


You had 11 spell levels left.
You didn't know any spells.

Dungeon Overview and Level Annotations

Branches:
Dungeon (8/15)
 Temple: D:4-7         Lair: D:8-11

Altars:
Qazlal
Sif Muna
Trog

Annotations:
D:4 snakesoul's ghost, amateur MiHu
D:6 1 runed door
D:8 Maurice


Innate Abilities, Weirdness & Mutations

You have razor-sharp teeth.
Your natural rate of healing is unusually fast.
When hurt, damage is shared between your health and your magic reserves.
Your bite disrupts and absorbs the magic of your enemies.
Potions cannot restore your health.
You are immune to rotting.


Message History

The gnoll sergeant is heavily wounded.
The gnoll sergeant hits you with a trident.
The gnoll sergeant blocks your attack.
You bite the gnoll sergeant, but do no damage.
The gnoll sergeant is heavily wounded.
The gnoll sergeant hits you with a trident.
You hit the gnoll sergeant but do no damage.
The gnoll sergeant is heavily wounded.
The gnoll sergeant hits you with a trident!
* * * LOW HITPOINT WARNING * * *
You hit the gnoll sergeant but do no damage.
Your bite misses the gnoll sergeant.
The gnoll sergeant is heavily wounded.
The crimson imp laughs crazily.
The gnoll sergeant hits you with a trident!
* * * LOW HITPOINT WARNING * * *
Unknown command.
Unknown command.
The gnoll sergeant hits you from afar with a trident!
You die...

....####.
...
.........
#5#
.########
#g##.# .#
#g##.# .#
#g##.# (#
#g##.# .#
#g##.#
.#######
#)##.#
........
#@##.#
.#######
#.##.# .#
#.##.#####
.#
#........#
>#
#.######.#
## #.# #.#
#.# ...


You could see a gnoll sergeant, 4 gnolls and a crimson imp.

Vanquished Creatures
  An ice beast (D:7)
  An orc warrior (D:7)
  A sky beast (D:7)
  2 black bears (D:7)
  A phantom (D:7)
  A centaur (D:6)
  2 bullfrogs (D:7)
  A crimson imp (D:6)
  A centaur zombie (D:7)
  A centaur skeleton (D:7)
  Jessica (D:2)
  An iguana (D:7)
  Natasha (thrice) (D:3)
  2 worker ants
  A gnoll (D:6)
  4 adders
  A shadow imp (D:8)
  An ooze (D:3)
  A leopard gecko (D:3)
  8 orcs
  2 bats (D:3)
  2 giant cockroaches
  A goblin (D:2)
  3 jackals (D:2)
  2 kobolds
  A quokka skeleton (D:5)
46 creatures vanquished.

Notes
Turn   | Place    | Note
-------+----------+-------------------------------------------
     0 | D:1      | 4thArraOfDagon the Vine Stalker Wanderer began the quest for the Orb.
     0 | D:1      | 4thArraOfDagon set off with: a +2 hand axe, a potion of lignification, a +0 robe, a bread ration
     0 | D:1      | Reached XP level 1. HP: 11/11 MP: 4/4
    91 | D:2      | Reached XP level 2. HP: 13/16 MP: 4/6
   179 | D:2      | Reached skill level 2 in Axes
   186 | D:2      | Reached XP level 3. HP: 5/20 MP: 7/7
   236 | D:2      | Noticed Jessica
   245 | D:2      | Killed Jessica
   245 | D:2      | Gained mutation: Your natural rate of healing is unusually fast. [Vine Stalker growth]
   245 | D:2      | Reached XP level 4. HP: 11/24 MP: 8/8
   369 | D:3      | Found a bloodstained altar of Trog.
   370 | D:3      | Found a deep blue altar of Sif Muna.
   373 | D:3      | Found a stormy altar of Qazlal.
   378 | D:3      | Became a worshipper of Qazlal Stormbringer
   478 | D:4      | Noticed snakesoul's ghost (amateur MiHu)
   492 | D:3      | Noticed Natasha
   508 | D:3      | Killed Natasha
   508 | D:3      | Reached skill level 3 in Axes
   522 | D:3      | Noticed Natasha
   538 | D:3      | Killed Natasha
   538 | D:3      | Reached XP level 5. HP: 15/28 MP: 5/9
   588 | D:3      | Reached skill level 1 in Invocations
   595 | D:3      | Noticed Natasha
   611 | D:3      | Killed Natasha
   828 | D:5      | Entered Level 5 of the Dungeon
   953 | D:6      | Reached XP level 6. HP: 18/33 MP: 8/10
   990 | D:6      | Reached skill level 4 in Axes
  1042 | D:6      | Found a runed door.
  1145 | D:7      | Noticed a black bear
  1159 | D:7      | Reached XP level 7. HP: 31/37 MP: 11/11
  1350 | D:7      | Reached skill level 5 in Axes
  1480 | D:8      | Noticed Maurice
  1595 | D:7      | Gained mutation: You have razor-sharp teeth. [Vine Stalker growth]
  1595 | D:7      | Reached XP level 8. HP: 20/42 MP: 5/12
  1661 | D:7      | Reached * piety under Qazlal
  1691 | D:6      | Slain by a gnoll sergeant

Vault maps used:
D:1:      mrwooster_arrival_statue_3
D:2:      first_bread, uniq_jessica
D:3:      minitemple, makhleb_altar_promises_db, uniq_natasha
D:4:      portal_sewer_entry_a
D:5:      kennysheep_generic_room_6
D:6:      corexii_leaking_fountain, uniq_crazy_yiuf_cottage
D:7:      statuecave_lemuel, nicolae_gozag_seed_capital
D:8:      old_standard_altar, elyvilon_altar_4, minivault_4, uniq_gastronok,
          uniq_maurice, uniq_psyche, uniq_prince_ribbit1

Skill      XL: |  1  2  3  4  5  6  7 |
---------------+----------------------+-----
Axes           | 2 3 4 5 |  5.8
Fighting       | 3 4 |  4.9
Invocations    | 1 2 3 |  3.5
Armour         | 2 3 |  3.3
Throwing       | |  1.0
Stealth        | |  1.2
Spellcasting   | |  2.1
Summonings     | |  1.0

Action                   |  1- 3 |  4- 6 |  7- 9 || total
-------------------------+-------+-------+-------++-------
Melee: Hand axe          |    28 |   129 |    85 ||   242
       Bite              |     9 |    30 |    25 ||    64
Evoke: Wand              |       |       |     2 ||     2
  Use: Potion            |     2 |     1 |       ||     3
       Scroll            |       |     1 |     2 ||     3
 Stab: Sleeping          |       |     2 |       ||     2
  Eat: Beef jerky        |       |     1 |       ||     1
       Chunk             |       |       |     1 ||     1
Armor: Skin              |     2 |    13 |       ||    15
       Scale mail        |    19 |    54 |    31 ||   104
Dodge: Dodged            |    12 |    63 |    37 ||   112
Block: Other             |       |       |     1 ||     1
